 Dungeon Sprint DCSS version 0.26.1-2-gb8aa6d0cf2 (webtiles) character file.

Game seed: 10723027467900968384

54 Groucho the Covert (level 3, 0/16 HPs)
             Began as a Spriggan Enchanter on Feb 27, 2021.
             Slain by a wolf (8 damage)
             ... in the Dungeon (Sprint III: "The Ten Rune Challenge").
             The game lasted 00:01:10 (420 turns).

Groucho the Covert (Spriggan Enchanter)              Turns: 420, Time: 00:01:10

Health: 0/16       AC:  2    Str:  5    XL:     3   Next: 66%
Magic:  4/8        EV: 18    Int: 16    God:
Gold:   0          SH:  0    Dex: 16    Spells: 1/7 levels left

rFire    . . .     SeeInvis +   a - +1 dagger
rCold    . . .     Faith    .   (shield restricted)
rNeg     . . .     Spirit   .   b - +0 robe
rPois    .         Reflect  .   (helmet restricted)
rElec    .         Harm     .   (no cloak)
rCorr    .         Rampage  .   (gloves unavailable)
Will     .....     NoTele   +   (boots unavailable)
Stlth    +++++.....             (no amulet)
HPRegen  0.05/turn              (no ring)
MPRegen  0.11/turn              (no ring)

@: confusing touch, very quick
A: very small, unfitting armour, see invisible, speed 3
a: no special abilities


You were in the Dungeon.
You visited 1 branch

Inventory:

Hand Weapons
 a - a +1 dagger (weapon)
Armour
 b - a +0 robe (worn)
Wands
 c - a wand of digging (8)
Scrolls
 h - a scroll of amnesia {unknown}
 i - a scroll of blinking
Potions
 d - a potion of curing
 e - 2 potions of heal wounds
 f - a potion of haste
 g - 2 potions of magic


   Skills:
 - Level 1.1 Short Blades
 - Level 3.0 Dodging
 * Level 11.9 Stealth
 - Level 2.6 Spellcasting
 - Level 3.6 Hexes


You had one spell level left.
You knew the following spells:

 Your Spells              Type           Power        Failure   Level
a - Corona                Hex            14%          4%          1
b - Ensorcelled Hibernat  Hex/Ice        14%          14%         2
c - Confusing Touch       Hex            13%          13%         3

Your spell library contained the following spells:

 Spells                   Type           Power        Failure   Level
 Tukima's Dance           Hex            13%          13%         3
 Dazzling Flash           Conj/Hex       14%          28%         3


Dungeon Overview and Level Annotations

Branches:
Dungeon (1/1)

Altars:


Innate Abilities, Weirdness & Mutations

You are very small and have problems with some larger weapons.
You are too small for most types of armour.
You have supernaturally acute eyesight. (SInv)
You cover ground extremely quickly.


Message History

Casting: Ensorcelled Hibernation (safe; 14% risk of failure)
Confirm with . or Enter, or press ? or * to list all spells.
The spell is potentially lethal to cast (13% risk of failure)!
Continue anyway?
Your hands begin to glow red.
The wolf closely misses you.
You hit the wolf but do no damage. The wolf closely misses you.
The wolf misses you.
You hit the wolf but do no damage. The wolf misses you.
You hit the wolf but do no damage. The wolf barely misses you.
The wolf bites you.
You barely miss the wolf. The wolf misses you. The wolf closely misses you.
You hit the wolf but do no damage. The wolf completely misses you.
You hit the wolf but do no damage. The wolf barely misses you.
The wolf misses you.
You closely miss the wolf. The wolf bites you!
Ouch! That really hurt!
The wolf completely misses you.
You hit the wolf but do no damage. The wolf closely misses you.
You closely miss the wolf. The wolf bites you!
Ouch! That really hurt!
You die...

▓▓▓▓ ▓▓▓▓▓▓▓
▓<.# +...♣.♣
▓..# #.....♣♣
▓#'####......♣
▓.....#....≈.♣
▓.....#.h.≈≈♣♣♣.
▓.....#.@≈≈≈≈..♣
▓####'#..≈≈≈≈≈≈♣
▓.....#.≈≈≈≈≈≈..
▓...).#.≈≈≈≈≈...
▓.....#.≈≈≈.....
▓'#####÷........
▓...............
▓▓▓▓▓▓▓▓▓▓▓▓▓▓▓▓


You could see a wolf.

Vanquished Creatures
  Jessica (D)
  A human (D)
  2 oozes (D)
  A rat (D)
5 creatures vanquished.

Vanquished Creatures (others)
  2 plants (D)
2 creatures vanquished.

Grand Total: 7 creatures vanquished

Notes
Turn   | Place    | Note
-------+----------+-------------------------------------------
     0 | D        | Groucho the Spriggan Enchanter began the quest for the Orb.
     0 | D        | Reached XP level 1. HP: 9/9 MP: 5/5
    11 | D        | Reached skill level 6 in Stealth
    15 | D        | Reached skill level 8 in Stealth
    15 | D        | Reached XP level 2. HP: 13/13 MP: 6/6
   138 | D        | Noticed Jessica
   140 | D        | Killed Jessica
   141 | D        | Reached skill level 10 in Stealth
   141 | D        | Reached XP level 3. HP: 16/16 MP: 8/8
   180 | D        | Learned a level 2 spell: Ensorcelled Hibernation
   184 | D        | Learned a level 3 spell: Confusing Touch
   204 | D        | Reached skill level 11 in Stealth
   420 | D        | Slain by a wolf

Illustrated notes

Levels and vault maps discovered:
D:        dungeon_sprint_mu [sprint_mu_entry_forest, sprint_mu_temple_rooms,
          sprint_mu_d1_horrors, sprint_mu_d2_genie, sprint_mu_d3_branching,
          sprint_mu_orc_legion, sprint_mu_elf_gauntlet, sprint_mu_hive_nellie,
          sprint_mu_lair_fedhas, sprint_mu_vaults_butterflies,
          sprint_mu_slime_circle, sprint_mu_swamp_cave, sprint_mu_snake_twists,
          sprint_mu_blade_basic, sprint_mu_crypt_lich, sprint_mu_tomb_spiral,
          sprint_mu_vestibule_basic, sprint_mu_gehenna_hellfire,
          sprint_mu_dis_giant, sprint_mu_tartarus_statrot,
          sprint_mu_cocytus_islands, sprint_mu_zot1]

Skill      XL: |  1  2  3 |
---------------+----------+-----
Stealth        | 8 10 11 | 11.9
Short Blades   | |  1.1
Dodging        | |  3.0
Spellcasting   | |  2.6
Hexes          | |  3.6

Action                   || total
-------------------------++-------
Melee: Dagger            ||    34
 Cast: Confusing Touch   ||     2
       Ensorcelled Hiber ||     1
  Use: Potion            ||     1
 Stab: Sleeping          ||     2
       Confused          ||     2
Dodge: Dodged            ||    24
